Map: Ruins of Endion

Players

llllllllllll

  • Race: Terran Terran
  • League: Grandmaster

LiquidTLO (TLO) - Winner!

  • Race: Zerg Zerg
  • League: Grandmaster

VOD

Have the link to the VOD?

Description

Time

  • Played on: July 4, 2016, 1:46 p.m.
  • Length: 12:18
Show
View Real Time Build Order
Export as new Build Order

llllllllllll Terran 

Build Orders: Reaper Expand, MMM Bio 

Get SALT Encoding   

  12  0:00  SCV  
  13  0:13  SCV  
  14  0:17  Supply Depot  
  14  0:25  SCV  
  15  0:39  SCV  
  15  0:40  Barracks  
  16  0:43  Refinery  
  16  0:51  SCV  
  17  1:03  SCV  
  18  1:15  SCV  
  19  1:27  Orbital Command  
  19  1:28  Reaper  
  20  1:39  Command Center  
  20  1:49  Barracks  
  20  1:53  SCV  
  21  2:00  Barracks Reactor  
  21  2:03  Supply Depot  
  21  2:06  SCV  
  22  2:13  Refinery  
  22  2:18  SCV  
  23  2:26  Factory  
  23  2:31  SCV  
  23  2:36  Marine  
  23  2:37  Marine, Barracks Tech Lab  
  25  2:43  SCV  
  27  2:50  Orbital Command  
  27  2:55  Marine x2, SCV  
  30  3:01  Stimpack  
  30  3:02  Marine  
  31  3:07  SCV  
  32  3:13  Marine x2  
  32  3:17  SCV  
  32  3:19  SCV  
  36  3:24  Starport  
  36  3:28  Marine  
  36  3:30  Marine, Factory Reactor  
  36  3:32  SCV  
  36  3:33  SCV  
  39  3:38  Marine  
  40  3:42  Refinery  
  40  3:44  SCV  
  40  3:45  SCV  
  40  3:47  Marine  
  40  3:48  Marine  
  37  3:56  Marine, SCV  
  37  3:57  SCV  
  40  4:05  Supply Depot  
  40  4:08  SCV  
  40  4:09  SCV  
  42  4:10  Medivac x2  
  42  4:15  Supply Depot  
  46  4:24  Supply Depot  
  46  4:26  Widow Mine  
  46  4:27  Marine, SCV  
  51  4:33  Marine x2  
  51  4:37  SCV  
  53  4:40  Medivac x2  
  53  4:42  SCV  
  53  4:44  Marine  
  58  4:49  SCV  
  58  4:51  Marine x2  
  61  4:53  Bunker  
  61  4:55  Supply Depot  
  61  4:57  Widow Mine  
  63  5:01  SCV  
  63  5:02  Marine  
  63  5:04  Liberator x2, SCV  
  66  5:09  Marine x2  
  64  5:20  Marine  
  61  5:22  SCV x2  
  61  5:27  Marine  
  63  5:34  SCV x2  
  65  5:44  Marine x2  
  65  5:46  SCV x2  
  65  5:48  Marine  
  68  5:58  SCV x2  
  68  6:02  Marine x2  
  70  6:06  Marine  
  70  6:10  SCV  
  70  6:13  SCV  
  70  6:28  Supply Depot, Marine x3, SCV  
  74  6:37  SCV  
  71  6:41  Combat Shields  
  71  6:46  Marine x3, SCV  
  68  6:48  Widow Mine  
  68  6:49  SCV  
  68  6:52  Liberator  
  57  7:02  SCV  
  57  7:04  Marine x3  
  61  7:11  SCV  
  61  7:14  SCV  
  60  7:21  Marine x3  
  62  7:23  SCV  
  62  7:26  SCV  
  62  7:27  Orbital Command  
  50  7:38  SCV  
  50  7:39  Marine x3  
  49  7:48  Widow Mine  
  50  7:53  SCV  
  50  7:54  Orbital Command  
  50  7:57  Marine x3  
  49  8:07  SCV  
  49  8:15  Marine x3  
  49  8:17  Liberator  
  49  8:18  Liberator  
  49  8:19  SCV  
  51  8:32  SCV  
  51  8:33  Marine x3, Widow Mine  
  53  8:38  SCV  
  60  8:51  Marine x2  
  60  8:55  Marine  
  62  9:00  Liberator  
  63  9:08  Marine x2  
  64  9:13  Marine  
  64  9:14  SCV x2  
  67  9:24  Liberator  
  67  9:26  Marine, SCV  
  67  9:29  Marine  
  67  9:31  Marine  
  69  9:32  Supply Depot  
  65  9:43  Liberator  
  65  9:44  Marine  
  63  9:46  Marine  
  63  9:49  Marine, SCV  
  63  9:50  Widow Mine  
  69  9:57  Supply Depot  
  68  10:02  Marine  
  68  10:04  Marine  
  70  10:07  Liberator  
  70  10:13  SCV x2  
  67  10:18  Widow Mine  
  67  10:20  Marine  
  67  10:21  Marine  
  64  10:23  Marine  
  64  10:25  Liberator  
  68  10:32  Supply Depot  
  68  10:38  Marine x2  
  68  10:41  Marine  
  71  10:47  Widow Mine  
  74  10:56  Marine x2  
  59  11:07  Medivac  
  61  11:25  Medivac  
  61  11:31  Marine x2  
  49  11:37  Medivac  
  49  11:38  Marine  
  41  11:45  Widow Mine  
  43  11:49  Marine  
  43  11:51  SCV  
  37  12:04  SCV  
Show
View Real Time Build Order
Export as new Build Order

LiquidTLO Zerg - Winner!

Build Orders: Hatch First 

Get SALT Encoding   

  12  0:00  Drone  
  13  0:13  Overlord  
  13  0:17  Drone  
  14  0:31  Drone x2  
  16  0:35  Drone  
  17  0:52  Hatchery  
  17  0:55  Drone  
  17  0:59  Drone  
  17  1:03  Extractor  
  17  1:13  Spawning Pool  
  17  1:16  Drone  
  17  1:20  Drone  
  18  1:28  Drone  
  19  1:39  Overlord  
  19  2:00  Zergling x2, Queen  
  23  2:01  Zergling x2  
  23  2:04  Metabolic Boost, Queen  
  25  2:09  Drone  
  27  2:15  Drone x2  
  28  2:27  Overlord  
  28  2:28  Drone  
  29  2:33  Drone  
  31  2:37  Drone  
  31  2:38  Extractor, Queen  
  32  2:47  Drone x2  
  34  2:56  Zergling x2  
  35  3:02  Drone, Hatchery  
  35  3:10  Zergling x6  
  38  3:15  Drone  
  38  3:18  Overlord  
  39  3:20  Drone x2  
  39  3:24  Drone x2  
  43  3:30  Overlord  
  43  3:35  Overlord  
  43  3:37  Drone  
  43  3:39  Evolution Chamber  
  43  3:40  Drone  
  44  3:46  Zergling x2, Drone  
  44  3:48  Drone x2  
  45  3:49  Drone  
  45  3:51  Drone  
  45  3:54  Drone  
  47  3:58  Queen  
  47  4:01  Zergling x2  
  47  4:02  Zergling x2  
  51  4:06  Zerg Ground Armor Level 1  
  51  4:08  Drone  
  52  4:14  Extractor, Zergling x2  
  52  4:15  Evolution Chamber  
  52  4:16  Drone  
  52  4:19  Zergling x2  
  52  4:23  Drone  
  54  4:24  Drone  
  54  4:25  Drone  
  54  4:26  Baneling Nest  
  54  4:28  Drone  
  56  4:34  Zergling x4  
  56  4:35  Zergling x4  
  56  4:37  Zergling x2  
  61  4:38  Zergling x2  
  61  4:41  Overlord  
  62  4:48  Overlord  
  62  4:51  Spine Crawler  
  61  4:54  Zerg Melee Weapons Level 1  
  61  4:58  Drone x3  
  64  5:01  Zergling x6  
  64  5:04  Zergling x2  
  66  5:07  Zergling x2  
  66  5:10  Zergling x4  
  66  5:11  Zergling x2  
  66  5:12  Zergling x4  
  71  5:15  Zergling x2  
  71  5:16  Zergling x4  
  71  5:18  Zergling x2  
  71  5:21  Drone x2  
  71  5:28  Queen  
  70  5:29  Zergling x2  
  70  5:31  Lair  
  70  5:32  Zergling x2  
  70  5:34  Baneling x3  
  70  5:35  Baneling  
  73  5:37  Zergling x2  
  74  5:44  Zergling x8  
  74  5:45  Zergling x2  
  77  5:50  Drone  
  75  5:58  Zergling x2  
  75  5:59  Zergling x2  
  75  6:00  Zergling x6  
  77  6:04  Drone  
  77  6:05  Extractor  
  77  6:08  Zergling x2  
  77  6:11  Zergling x2  
  73  6:12  Zergling x2  
  73  6:13  Drone  
  73  6:17  Drone x2  
  73  6:18  Drone  
  75  6:19  Drone x2  
  75  6:21  Drone  
  75  6:22  Drone  
  78  6:25  Drone x2  
  78  6:26  Extractor  
  78  6:28  Zergling x2  
  78  6:29  Zergling x2  
  80  6:33  Spore Crawler  
  80  6:34  Zergling x2  
  80  6:35  Zergling x2  
  80  6:36  Zergling x4  
  80  6:37  Zergling x2  
  80  6:38  Zergling x2  
  80  6:39  Zergling x2  
  68  6:40  Zergling x2  
  68  6:46  Queen  
  60  6:49  Spore Crawler  
  60  6:50  Zergling x2  
  47  7:01  Drone  
  47  7:05  Queen  
  47  7:15  Zergling x2  
  48  7:22  Zergling x2  
  51  7:28  Queen  
  48  7:33  Zergling x2  
  48  7:34  Queen  
  47  7:41  Queen  
  48  7:45  Zerg Melee Weapons Level 2  
  48  7:49  Zergling x2  
  48  7:50  Zergling x2  
  50  7:51  Overseer  
  50  7:53  Zergling x2  
  48  7:59  Zergling x2  
  48  8:03  Zerg Ground Armor Level 2  
  49  8:06  Drone x2  
  49  8:07  Drone  
  51  8:15  Zergling x4, Queen  
  51  8:19  Zergling x2  
  56  8:20  Drone  
  56  8:22  Drone  
  56  8:23  Drone  
  59  8:28  Drone  
  59  8:29  Drone  
  59  8:32  Drone  
  60  8:37  Drone  
  60  8:38  Queen  
  63  8:41  Drone  
  63  8:42  Zergling x2  
  63  8:44  Zergling x2  
  63  8:45  Zergling x2  
  63  8:47  Zergling x4  
  67  8:49  Zergling x2  
  67  8:52  Zergling x2  
  67  8:55  Zergling x4  
  70  8:57  Zergling x2  
  70  9:00  Baneling x3  
  70  9:01  Zergling x2, Baneling  
  70  9:02  Zergling x2  
  73  9:04  Zergling x2  
  73  9:07  Zergling x4  
  76  9:11  Zergling x6  
  76  9:13  Zergling x2  
  76  9:14  Zergling x2  
  80  9:18  Zergling x2  
  80  9:24  Zergling x2  
  81  9:25  Zergling x2  
  81  9:28  Zergling x2  
  73  9:34  Zergling x2  
  73  9:36  Zergling x2  
  68  9:39  Zergling x2  
  68  9:40  Zergling x2  
  68  9:42  Zergling x4  
  65  9:45  Queen  
  65  9:46  Queen  
  65  9:48  Queen  
  65  9:50  Spore Crawler  
  65  9:51  Zergling x2  
  65  9:52  Zergling x2  
  73  9:56  Zergling x2  
  73  9:58  Zergling x2  
  76  10:06  Zergling x2  
  70  10:07  Zergling x2  
  70  10:09  Drone  
  63  10:17  Drone  
  63  10:18  Drone  
  63  10:20  Centrifical Hooks, Drone x2  
  60  10:21  Queen  
  60  10:23  Zergling x2  
  60  10:26  Drone  
  60  10:27  Spore Crawler  
  63  10:29  Baneling  
  63  10:30  Baneling x3  
  63  10:32  Drone  
  63  10:34  Zergling x2  
  65  10:37  Zergling x2  
  65  10:40  Zergling x4  
  65  10:42  Zergling x4  
  70  10:43  Zergling x4  
  72  10:50  Zergling x4  
  72  10:52  Queen  
  72  10:53  Zergling x2  
  72  10:55  Zergling x2  
  76  10:57  Zergling x2  
  76  11:01  Zergling x2  
  76  11:03  Zergling x2  
  73  11:05  Baneling x6  
  73  11:07  Zergling x2  
  73  11:09  Zergling x2  
  71  11:13  Zergling x4  
  71  11:14  Zergling x2  
  71  11:15  Zergling x2  
  71  11:16  Zergling x2  
  70  11:20  Zergling x2  
  68  11:26  Zergling x2  
  68  11:27  Zergling x2  
  68  11:30  Zergling x2  
  66  11:35  Zergling x4  
  66  11:40  Zergling x2  
  66  11:41  Zergling x2  
  66  11:42  Drone x2  
  66  11:43  Zergling x2  
  66  11:45  Zergling x4  
  73  11:47  Overseer  
  73  11:53  Zergling x2  
  73  11:59  Zergling x4  
  73  12:00  Zergling x2  
Tags
 
Add a new tag
Caveats
  • Supply blocks, unpowered buildings, or Contaminate may cause inaccurate times.
  • Supply counts are checked every 10 seconds.